 Dungeon Crawl Stone Soup version 0.31-a0-198-g2ad674f65e (webtiles) character file.

Game seed: 11521849719611584939

2704 qw the Skirmisher (level 9, 0/48 (50) HPs)
             Began as a Deep Elf Hunter on June 25, 2023.
             Was a Believer of Okawaru.
             Succumbed to a kobold brigand's curare-tipped dart
             ... on level 8 of the Dungeon.
             The game lasted 00:02:52 (6765 turns).

qw the Skirmisher (Deep Elf Hunter)                 Turns: 6765, Time: 00:02:52

HP:   0/48 (50)     AC: 15    Str: 11    XL:     9   Next: 39%
MP:   13/14         EV: 14    Int: 17    God:    Okawaru [**....]
Gold: 291           SH:  0    Dex: 19    Spells: 8/8 levels left

rFire   + . .        Y - +2 arbalest (flame)
rCold   . . .        (shield currently unavailable)
rNeg    . . .        g - +1 scale mail {rF+}
rPois   .            (helmet restricted)
rElec   .            d - +0 cloak
rCorr   +            b - +1 pair of gloves
SInv    .            a - +2 pair of boots of the Stag {Will- rCorr Str-3 Int+3}
Will    .....        (no amulet)
Stlth   ++           (no ring)
HPRegen 0.28/turn    (no ring)
MPRegen 0.14/turn

%: no passive effects
@: lethally poisoned (0 -> -12), heroic, slowed, lightly drained, very slow
A: antennae 1, strong 1
a: Renounce Religion, Heroism


You were on level 8 of the Dungeon.
You worshipped Okawaru.
Okawaru was pleased with you.
You visited 2 branches of the dungeon, and saw 9 of its levels.

You collected 450 gold pieces.
You spent 159 gold pieces at shops.


Innate Abilities, Weirdness & Mutations

You have a pair of small antennae on your head.
Your muscles are strong. (Str +4, Int/Dex -1)


   Skills:
 - Level 3.0(8.0) Fighting
 + Level 14.8(19.8) Ranged Weapons
 - Level 2.0(7.0) Armour
 - Level 5.0(10.0) Dodging
 - Level 1.2(6.2) Stealth
 - Level 4.0 Invocations


You had 8 spell levels left.
You didn't know any spells.
Your spell library was empty.

Inventory:

Hand Weapons
 Y - a +2 arbalest of flaming (weapon)
Armour
 a - the +2 pair of boots of the Stag (worn) {Will- rCorr Str-3 Int+3}
   (You acquired it on level 7 of the Dungeon)

   Str:       It affects your strength (-3).
   Int:       It affects your intelligence (+3).
   rCorr:     It protects you from acid and corrosion.
   Will:      It decreases your willpower.
 b - a +1 pair of gloves (worn)
 d - a +0 cloak (worn)
 g - a +1 scale mail of fire resistance (worn)
Scrolls
 h - 3 scrolls of identify
Potions
 c - a potion of enlightenment
 j - a potion of mutation

Dungeon Overview and Level Annotations

Branches:
Dungeon (8/15)             Temple (1/1) D:4
   Lair: D:8-11

Altars:
Ashenzari
Cheibriados
Dithmenos
Elyvilon
Fedhas
Hepliaklqana
Kikubaaqudgha
Makhleb
Nemelex Xobeh
Okawaru
Qazlal
Ru
Sif Muna
Trog
Vehumet
Wu Jian
Xom
Yredelemnul
Zin
The Shining One

Shops:
D:1 =   D:6 ?   D:8 *

Annotations:
D:7 2 transporters, qw's ghost, novice DEHu


Message History

You feel strangely unstable. The wight barely misses you.
You shoot a bolt. The bolt hits the wight!
The bolt burns the wight.
You destroy the wight!
Okawaru accepts your kill.
You start resting.
Your surroundings suddenly seem different.
An orc, a centaur, a kobold brigand and 2 kobolds come into view.
The kobold brigand is wielding a +0 whip and quivering curare-tipped darts.
You shoot a bolt. The centaur shouts!
The bolt hits the orc!
The bolt burns the orc.
You kill the orc!
Okawaru accepts your kill.
The centaur wields a +0 orcbow.
The centaur shoots an arrow.
The arrow misses you.
You hear a shout!
You shoot a bolt. The kobold brigand shouts!
The kobold shouts! x2
The bolt hits the centaur!!
The bolt burns the centaur.
You kill the centaur!
Okawaru accepts your kill.
The kobold brigand throws a curare-tipped dart.
The curare-tipped dart hits you.
You are lethally poisoned!
You have difficulty breathing.
You feel yourself slow down.
A kobold comes into view.
It is wielding a +0 dagger and quivering poisoned darts.
You shoot a bolt.
The bolt closely misses the kobold brigand.
The bolt hits the kobold!!
The bolt burns the kobold.
You kill the kobold!
Okawaru accepts your kill.
You feel extremely sick.
The kobold throws a poisoned dart.
The poisoned dart completely misses you.
The kobold brigand throws a curare-tipped dart.
The curare-tipped dart closely misses you.
You shoot a bolt. The bolt hits the kobold!!
The bolt burns the kobold.
You kill the kobold!
You die...

#.>z # #
#.. ....
#. #.#
##..#
###.###.#
#..
........#
........##
.........#
.........#
).K)...@.#
.).......#
.K.......#
^.......##
.#.)...##
######


You could see a kobold brigand and a kobold.

Vanquished Creatures
  Eustachio (D:6)
  2 orc warriors (D:6)
  2 black bears
  An ice beast (D:6)
  2 ogres
  2 phantoms
  2 centaurs
  Blork the orc (D:6)
  2 bullfrogs
  3 scorpions
  3 wights (D:8)
  4 electric eels (D:6)
  A crimson imp (D:4)
  A jelly (D:6)
  3 orc priests
  A hound (D:4)
  2 sleepcaps
  7 iguanas
  10 orc wizards
  11 adders
  8 gnolls
  A shadow imp (D:7)
  3 white imps
  An ufetubus (D:4)
  2 worms (D:3)
  A dart slug (D:5)
  30 orcs
  5 ball pythons
  7 endoplasms
  3 giant cockroaches
  6 goblins
  4 hobgoblins
  3 jackals (D:5)
  A quokka (D:4)
  4 bats
  A frilled lizard (D:1)
  9 kobolds
  4 rats
154 creatures vanquished.

Notes
Turn   | Place    | Note
-------+----------+-------------------------------------------
     0 | D:1      | qw the Deep Elf Hunter began the quest for the Orb.
     0 | D:1      | Reached XP level 1. HP: 12/12 MP: 3/3
     0 | D:1      | 0 ||| qw: Version: 0.3-a-22-g0ed2b0b
     0 | D:1      | 0 ||| qw: Game counter: 5392
     0 | D:1      | 0 ||| qw: Melee chars always use a shield: true
     0 | D:1      | 0 ||| qw: God list: Okawaru
     0 | D:1      | 0 ||| qw: Allow faded altars: false
     0 | D:1      | 0 ||| qw: Do Orc after clearing Dungeon:15 true
     0 | D:1      | 0 ||| qw: Do second Lair branch before Depths: true
     0 | D:1      | 0 ||| qw: Lair rune preference: random
     0 | D:1      | 0 ||| qw: Goals: Normal
     0 | D:1      | 0 ||| PLANNING D:1-11
     7 | D:1      | 7 ||| SWAPPING to +1 arbalest of flaming.
     8 | D:1      | 8 ||| DROPPING +0 shortbow.
    81 | D:1      | Found Nuunut's Jewellery Emporium.
   122 | D:1      | Found a faded altar of an unknown god.
   279 | D:1      | Reached XP level 2. HP: 16/16 MP: 4/4
   351 | D:1      | You fall into a shaft and drop 1 floor!
   366 | D:2      | Reached skill level 6 in Ranged Weapons
   478 | D:2      | 478 ||| UPGRADING to +0 cloak.
   483 | D:2      | 483 ||| READING scroll labelled FEONONUNOG.
   484 | D:2      | 484 ||| READING scroll labelled XIOPRARHAU.
   487 | D:2      | 487 ||| READING scroll labelled LIUCLY WUS KAE.
   488 | D:2      | 488 ||| READING scroll labelled KINKURAICE.
   489 | D:2      | 489 ||| READING scroll labelled AZA ROUPPAOPSA.
   490 | D:2      | 490 ||| DRINKING 2 silvery potions.
   491 | D:2      | 491 ||| DROPPING scroll of butterflies.
   492 | D:2      | 492 ||| Stepping randomly (stuck).
   493 | D:2      | 493 ||| Stepping randomly (stuck).
   494 | D:2      | 494 ||| Stepping randomly (stuck).
   495 | D:2      | 495 ||| Stepping randomly (stuck).
   496 | D:2      | 496 ||| Stepping randomly (stuck).
   497 | D:2      | 497 ||| Stepping randomly (stuck).
   498 | D:2      | 498 ||| Stepping randomly (stuck).
   499 | D:2      | 499 ||| Stepping randomly (stuck).
   500 | D:2      | 500 ||| Stepping randomly (stuck).
   502 | D:2      | 502 ||| Stepping randomly (stuck).
   503 | D:2      | 503 ||| Stepping randomly (stuck).
   504 | D:2      | 504 ||| Stepping randomly (stuck).
   505 | D:2      | 505 ||| Stepping randomly (stuck).
   506 | D:2      | 506 ||| Stepping randomly (stuck).
   507 | D:2      | 507 ||| Stepping randomly (stuck).
   508 | D:2      | 508 ||| Stepping randomly (stuck).
   509 | D:2      | 509 ||| Stepping randomly (stuck).
   510 | D:2      | 510 ||| Stepping randomly (stuck).
   511 | D:2      | 511 ||| Stepping randomly (stuck).
   512 | D:2      | 512 ||| Stepping randomly (stuck).
   513 | D:2      | 513 ||| Stepping randomly (stuck).
   514 | D:2      | 514 ||| Stepping randomly (stuck).
   515 | D:2      | 515 ||| Stepping randomly (stuck).
   516 | D:2      | 516 ||| Stepping randomly (stuck).
   517 | D:2      | 517 ||| Stepping randomly (stuck).
   518 | D:2      | 518 ||| Stepping randomly (stuck).
   519 | D:2      | 519 ||| Stepping randomly (stuck).
   520 | D:2      | 520 ||| Stepping randomly (stuck).
   521 | D:2      | 521 ||| Stepping randomly (stuck).
   522 | D:2      | 522 ||| Stepping randomly (stuck).
   523 | D:2      | 523 ||| Stepping randomly (stuck).
   524 | D:2      | 524 ||| Stepping randomly (stuck).
   525 | D:2      | 525 ||| Stepping randomly (stuck).
   526 | D:2      | 526 ||| Stepping randomly (stuck).
   527 | D:2      | 527 ||| Stepping randomly (stuck).
   528 | D:2      | 528 ||| Stepping randomly (stuck).
   529 | D:2      | 529 ||| Stepping randomly (stuck).
   530 | D:2      | 530 ||| Stepping randomly (stuck).
   531 | D:2      | 531 ||| Stepping randomly (stuck).
   532 | D:2      | 532 ||| Stepping randomly (stuck).
   533 | D:2      | 533 ||| Stepping randomly (stuck).
   534 | D:2      | 534 ||| Stepping randomly (stuck).
   535 | D:2      | 535 ||| Stepping randomly (stuck).
   536 | D:2      | 536 ||| Stepping randomly (stuck).
   537 | D:2      | 537 ||| Stepping randomly (stuck).
   538 | D:2      | 538 ||| Stepping randomly (stuck).
   539 | D:2      | 539 ||| Stepping randomly (stuck).
   540 | D:2      | 540 ||| Stepping randomly (stuck).
   541 | D:2      | 541 ||| Stepping randomly (stuck).
   542 | D:2      | 542 ||| Stepping randomly (stuck).
   543 | D:2      | 543 ||| Stepping randomly (stuck).
   544 | D:2      | 544 ||| Stepping randomly (stuck).
   545 | D:2      | 545 ||| Stepping randomly (stuck).
   546 | D:2      | 546 ||| Stepping randomly (stuck).
   547 | D:2      | 547 ||| Stepping randomly (stuck).
   548 | D:2      | 548 ||| Stepping randomly (stuck).
   549 | D:2      | 549 ||| Stepping randomly (stuck).
   550 | D:2      | 550 ||| Stepping randomly (stuck).
   551 | D:2      | 551 ||| Stepping randomly (stuck).
   552 | D:2      | 552 ||| Stepping randomly (stuck).
   553 | D:2      | 553 ||| Stepping randomly (stuck).
   554 | D:2      | 554 ||| Stepping randomly (stuck).
   555 | D:2      | 555 ||| Stepping randomly (stuck).
   556 | D:2      | 556 ||| Stepping randomly (stuck).
   557 | D:2      | 557 ||| Stepping randomly (stuck).
   558 | D:2      | 558 ||| Stepping randomly (stuck).
   559 | D:2      | 559 ||| Stepping randomly (stuck).
   560 | D:2      | 560 ||| Stepping randomly (stuck).
   561 | D:2      | 561 ||| Stepping randomly (stuck).
   562 | D:2      | 562 ||| Stepping randomly (stuck).
   563 | D:2      | 563 ||| Stepping randomly (stuck).
   564 | D:2      | 564 ||| Stepping randomly (stuck).
   565 | D:2      | 565 ||| Stepping randomly (stuck).
   566 | D:2      | 566 ||| Stepping randomly (stuck).
   567 | D:2      | 567 ||| Stepping randomly (stuck).
   568 | D:2      | 568 ||| Stepping randomly (stuck).
   569 | D:2      | 569 ||| Stepping randomly (stuck).
   570 | D:2      | 570 ||| Stepping randomly (stuck).
   571 | D:2      | 571 ||| Stepping randomly (stuck).
   572 | D:2      | 572 ||| Stepping randomly (stuck).
   573 | D:2      | 573 ||| Stepping randomly (stuck).
   574 | D:2      | 574 ||| Stepping randomly (stuck).
   575 | D:2      | 575 ||| Stepping randomly (stuck).
   576 | D:2      | 576 ||| Stepping randomly (stuck).
   577 | D:2      | 577 ||| Stepping randomly (stuck).
   578 | D:2      | 578 ||| Stepping randomly (stuck).
   579 | D:2      | 579 ||| Stepping randomly (stuck).
   580 | D:2      | 580 ||| Stepping randomly (stuck).
   750 | D:2      | 750 ||| READING scroll labelled ERYETOP TOELU.
   877 | D:1      | 877 ||| SHOPLISTING +6 ring of strength (432 gold, have
                  | 117).
   877 | D:1      | 877 ||| SHOPLISTING amulet of Yredelemnul's Hope {Reflect
                  | Fly Str-5 SH+5 Stlth+} (376 gold, have 117).
   877 | D:1      | 877 ||| SHOPLISTING ring of ice (300 gold, have 117).
   877 | D:1      | 877 ||| SHOPLISTING ring of poison resistance (240 gold,
                  | have 117).
   877 | D:1      | 877 ||| SHOPLISTING ring of positive energy (240 gold, have
                  | 117).
  1179 | D:2      | Found a broken altar of Ashenzari.
  1190 | D:2      | Reached XP level 3. HP: 18/20 MP: 5/5
  1505 | D:2      | 1505 ||| UPGRADING to +0 pair of gloves.
  1510 | D:2      | 1510 ||| READING scroll labelled HAZUJA DIOPO.
  1576 | D:3      | Reached skill level 7 in Ranged Weapons
  1850 | D:3      | Reached XP level 4. HP: 25/25 MP: 6/6
  2422 | D:3      | 2422 ||| UPGRADING to +0 ring mail.
  2432 | D:3      | 2432 ||| DROPPING +0 leather armour.
  2526 | D:4      | Reached skill level 8 in Ranged Weapons
  2560 | D:4      | Found a glowing golden altar of the Shining One.
  2708 | D:4      | Reached XP level 5. HP: 29/29 MP: 7/7
  2800 | D:4      | Found a staircase to the Ecumenical Temple.
  2801 | D:4      | 2801 ||| PLANNING TEMPLE
  2801 | D:4      | 2801 ||| UPGRADING to +1 helmet.
  2806 | D:4      | 2806 ||| READING scroll labelled ZOIHATA PANOI.
  2807 | D:4      | 2807 ||| READING scroll labelled COIHUCATHUM.
  2808 | D:4      | 2808 ||| READING scroll labelled MYSSIXKUMMO.
  2814 | Temple   | Entered the Ecumenical Temple
  2831 | Temple   | 2831 ||| PLANNING OKAWARU WORSHIP
  2963 | Temple   | Became a worshipper of Warmaster Okawaru
  2964 | Temple   | 2964 ||| PLANNING D:1-11
  3029 | D:4      | Noticed an ogre
  3033 | D:4      | Killed an ogre
  3119 | D:4      | Found a basalt altar of Yredelemnul.
  3168 | D:4      | 3168 ||| FLEEEEING.
  3172 | D:4      | 3172 ||| FLEEEEING.
  3173 | D:4      | 3173 ||| FLEEEEING.
  3177 | D:4      | 3177 ||| FLEEEEING.
  3178 | D:4      | 3178 ||| FLEEEEING.
  3179 | D:4      | 3179 ||| FLEEEEING.
  3180 | D:4      | 3180 ||| FLEEEEING.
  3181 | D:4      | 3181 ||| FLEEEEING.
  3182 | D:4      | 3182 ||| FLEEEEING.
  3183 | D:4      | 3183 ||| FLEEEEING.
  3188 | D:4      | 3188 ||| FLEEEEING.
  3189 | D:4      | 3189 ||| FLEEEEING.
  3190 | D:4      | 3190 ||| FLEEEEING.
  3191 | D:4      | 3191 ||| FLEEEEING.
  3198 | D:4      | Reached XP level 6. HP: 33/34 MP: 8/8
  3295 | D:4      | Reached skill level 9 in Ranged Weapons
  3333 | D:4      | Reached * piety under Okawaru
  3346 | D:4      | Found a bloodstained altar of Trog.
  3465 | D:4      | Found a shimmering altar of Xom.
  3465 | D:4      | Found a burning altar of Makhleb.
  3693 | D:5      | Entered Level 5 of the Dungeon
  3706 | D:5      | Found a radiant altar of Vehumet.
  3724 | D:5      | 3724 ||| INVOKING Heroism.
  3725 | D:5      | 3725 ||| Stepping ~*~*~tactically~*~*~ (outnumbered).
  3834 | D:5      | Reached skill level 10 in Ranged Weapons
  3834 | D:5      | Reached XP level 7. HP: 40/40 MP: 9/9
  3851 | D:5      | Reached skill level 1 in Invocations
  4142 | D:5      | Reached skill level 3 in Dodging
  4332 | D:5      | 4332 ||| Stepping ~*~*~tactically~*~*~ (outnumbered).
  4334 | D:5      | 4334 ||| Stepping ~*~*~tactically~*~*~ (outnumbered).
  4336 | D:5      | 4336 ||| Stepping ~*~*~tactically~*~*~ (outnumbered).
  4340 | D:5      | 4340 ||| Stepping ~*~*~tactically~*~*~ (outnumbered).
  4342 | D:5      | 4342 ||| INVOKING Heroism.
  4357 | D:5      | 4357 ||| INVOKING Heroism.
  4361 | D:5      | HP: 8/40 [gnoll/+0 halberd (13)]
  4797 | D:5      | 4797 ||| DRINKING 2 fizzy cyan potions.
  4797 | D:5      | Gained mutation: You have a pair of small antennae on your
                  | head. [potion of mutation]
  4797 | D:5      | Gained mutation: Your muscles are strong. (Str +4, Int/Dex
                  | -1) [potion of mutation]
  4798 | D:5      | 4798 ||| DROPPING +1 helmet.
  4799 | D:5      | 4799 ||| READING 2 scrolls of identify.
  4799 | D:5      | 4799 ||| IDENTIFYING clear potion
  4854 | D:6      | Noticed Eustachio
  4859 | D:6      | 4859 ||| Stepping ~*~*~tactically~*~*~ (outnumbered).
  4861 | D:6      | Killed Eustachio
  4862 | D:6      | Reached skill level 11 in Ranged Weapons
  4862 | D:6      | 4862 ||| INVOKING Heroism.
  4872 | D:6      | 4872 ||| INVOKING Heroism.
  4875 | D:6      | Reached skill level 3 in Invocations
  4879 | D:6      | Reached XP level 8. HP: 31/44 MP: 8/12
  4933 | D:6      | 4933 ||| INVOKING Heroism.
  4976 | D:6      | Noticed Blork the orc
  4977 | D:6      | 4977 ||| INVOKING Heroism.
  4979 | D:6      | Killed Blork the orc
  5022 | D:6      | Found a sparkling altar of Nemelex Xobeh.
  5024 | D:6      | Reached skill level 12 in Ranged Weapons
  5162 | D:6      | 5162 ||| FLEEEEING.
  5222 | D:6      | 5222 ||| INVOKING Heroism.
  5224 | D:6      | Reached skill level 3 in Fighting
  5238 | D:6      | 5238 ||| INVOKING Heroism.
  5318 | D:6      | 5318 ||| INVOKING Heroism.
  5322 | D:6      | Reached skill level 13 in Ranged Weapons
  5567 | D:6      | Found a sacrificial altar of Ru.
  5666 | D:6      | Found Aditaint's Magic Scroll Emporium.
  5675 | D:6      | 5675 ||| BUYING scroll of enchant armour (82 gold).
  5675 | D:6      | Bought a scroll of enchant armour for 82 gold pieces
  5675 | D:6      | 5675 ||| BUYING scroll of identify (22 gold).
  5675 | D:6      | Bought a scroll of identify for 22 gold pieces
  5675 | D:6      | 5675 ||| BUYING scroll of identify (22 gold).
  5675 | D:6      | Bought a scroll of identify for 22 gold pieces
  5675 | D:6      | 5675 ||| BUYING scroll of teleportation (33 gold).
  5675 | D:6      | Bought a scroll of teleportation for 33 gold pieces
  5675 | D:6      | 5675 ||| READING scroll of enchant armour.
  5675 | D:6      | 5675 ||| ENCHANTING +0 pair of gloves.
  5708 | D:6      | Reached ** piety under Okawaru
  5826 | D:6      | 5826 ||| READING 3 scrolls of identify.
  5826 | D:6      | 5826 ||| IDENTIFYING bubbling amethyst potion
  5827 | D:6      | 5827 ||| READING 2 scrolls of identify.
  5827 | D:6      | 5827 ||| IDENTIFYING sapphire potion
  5828 | D:6      | 5828 ||| DROPPING potion of lignification.
  5829 | D:6      | 5829 ||| DROPPING potion of attraction.
  6020 | D:7      | Reached XP level 9. HP: 50/50 MP: 14/14
  6062 | D:7      | Noticed qw's ghost (novice DEHu)
  6103 | D:7      | Found a transporter.
  6133 | D:7      | Found a flagged portal.
  6134 | D:7      | 6134 ||| Stepping ~*~*~tactically~*~*~ (outnumbered).
  6136 | D:7      | 6136 ||| Stepping ~*~*~tactically~*~*~ (outnumbered).
  6224 | D:7      | 6224 ||| Stepping ~*~*~tactically~*~*~ (outnumbered).
  6229 | D:7      | 6229 ||| INVOKING Heroism.
  6256 | D:7      | 6256 ||| INVOKING Heroism.
  6261 | D:7      | Reached skill level 14 in Ranged Weapons
  6262 | D:7      | 6262 ||| DRINKING potion of curing.
  6262 | D:7      | 6262 ||| (to cure confusion)
  6345 | D:7      | Found a transporter.
  6676 | D:7      | Found a white marble altar of Elyvilon.
  6680 | D:7      | 6680 ||| UPGRADING to +1 scale mail of fire resistance.
  6690 | D:7      | 6690 ||| DROPPING +0 ring mail.
  6691 | D:7      | 6691 ||| READING scroll labelled LUPSOA CAPSYPU.
  6691 | D:7      | Identified a scroll of acquirement
  6691 | D:7      | 6691 ||| ACQUIRING +2 pair of boots of the Stag {Will-
                  | rCorr Str-3 Int+3}
  6691 | D:7      | Acquired the +2 pair of boots of the Stag {Will- rCorr
                  | Str-3 Int+3}
  6693 | D:7      | 6693 ||| UPGRADING to +2 pair of boots of the Stag {Will-
                  | rCorr Str-3 Int+3}.
  6698 | D:7      | 6698 ||| READING 4 scrolls of identify.
  6698 | D:7      | 6698 ||| IDENTIFYING blue potion
  6699 | D:7      | 6699 ||| DROPPING potion of brilliance.
  6737 | D:8      | Found Ewanorigg's Assorted Antiques.
  6749 | D:8      | 6749 ||| Stepping ~*~*~tactically~*~*~ (outnumbered).
  6756 | D:8      | 6756 ||| INVOKING Heroism.
  6758 | D:8      | HP: 11/45 [wight/+2 trident (3)]
  6759 | D:8      | 6759 ||| READING scroll of teleportation.
  6763 | D:8      | HP: 11/46 [asphyx]
  6764 | D:8      | HP: 5/48 [poisoned by a kobold brigand (curare-tipped
                  | dart)]
  6765 | D:8      | Succumbed to a kobold brigand's curare-tipped dart

Levels and vault maps discovered:
D:1:      dpeg_arrival_central, layout_rooms, serial_shops,
          nicolae_shop_window_shopping, shapermc_ecumenical_altar_flowoftime
D:2:      layout_loops_corners, basic_altar
D:3:      layout_basic, minivault_26, minmay_crystal_water
D:4:      layout_basic, lemuel_doored_altar, mainiacjoe_overflow_alcove_1,
          mainiacjoe_overflow_24_doors, grunt_temple_overflow_champion_of_chaos,
          minmay_temple_entry_enclosed_plants
D:5:      layout_loops_corners, mainiacjoe_overflow_concentric_impassable,
          kennysheep_generic_room_16
D:6:      nicolae_BIG_FREAKIN_CUBE, layout_loops_cross,
          nicolae_ru_path_of_blood, nemelex_xobeh_ov_fountains_minmay,
          serial_shops, nicolae_shop_waterfront, serial_bayou,
          serial_bayou_lagoon_b, serial_bayou_crossing, serial_bayou_pond_d,
          serial_bayou_pond_b, uniq_eustachio, uniq_blork_the_orc
D:7:      layout_layer_cave, marbit_many_paths, enter_bailey_5,
          gammafunk_ghost_arena
D:8:      layout_rooms, kennysheep_little_box, david_lair_generic, serial_shops,
          nicolae_stop_n_shop_2, shop, uniq_grum, uniq_erica, uniq_maurice,
          uniq_joseph, uniq_maggie
Temple:   jpeg_temple_clearing

Skill      XL: |  1  2  3  4  5  6  7  8  9 |
---------------+----------------------------+-----
Ranged Weapons | 6 7 8 10 11 13 14 | 14.8
Armour         | 2 |  2.0
Fighting       | 2 3 |  3.0
Invocations    | 3 4 |  4.0
Dodging        | 3 4 5 |  5.0
Stealth        | |  1.2

Action                     |  1- 3 |  4- 6 |  7- 9 || total
---------------------------+-------+-------+-------++-------
   Fire: Arbalest          |    67 |    84 |   202 ||   353
 Invoke: Heroism           |       |     1 |    12 ||    13
    Use: Scroll            |     7 |     3 |     7 ||    17
         Potion            |     1 |       |     2 ||     3
 Armour: Leather armour    |     4 |     1 |       ||     5
         Ring mail         |       |     9 |    25 ||    34
         Scale mail        |       |       |     1 ||     1
  Dodge: Dodged            |     4 |    10 |    44 ||    58

Table legend:
 A = Non-vault XP
 B = Vault XP
 C = Vault XP percentage of total XP
 D = Non-vault monster count
 E = Vault monster count
 F = Vault count percentage of total count
                 A         B        C        D         E       F
            +---------+---------+-------+---------+---------+-------
      Total |    3425 |     440 |  11.4 |     142 |      12 |   7.8
            +---------+---------+-------+---------+---------+-------
        D:1 |      13 |       0 |   0.0 |       9 |       0 |   0.0
        D:2 |      42 |       0 |   0.0 |      10 |       0 |   0.0
        D:3 |      73 |       0 |   0.0 |      18 |       0 |   0.0
        D:4 |     394 |      48 |  10.9 |      29 |       1 |   3.3
        D:5 |     397 |       4 |   1.0 |      16 |       1 |   5.9
        D:6 |    1447 |     345 |  19.3 |      29 |       5 |  14.7
        D:7 |     717 |      43 |   5.7 |      24 |       5 |  17.2
        D:8 |     342 |       0 |   0.0 |       7 |       0 |   0.0
            +---------+---------+-------+---------+---------+-------
